Map: Oblivion Express

Players

VicFMRussia

  • Race: Protoss Protoss
  • Spawn Location: 0:00

NamroodTuo

  • Race: Zerg Zerg

VOD

Have the link to the VOD?

Description

Time

  • Played on: March 17, 2023, 2:19 p.m.
  • Length: 23:53
Show
View Real Time Build Order
Export as new Build Order

VicFMRussia Protoss 

Build Orders:  

Get SALT Encoding   

  12  0:04  Probe (Chrono Boost)  
  13  0:17  Probe (Chrono Boost)  
  14  0:31  Probe (Chrono Boost)  
  15  0:45  Probe (Chrono Boost)  
  16  0:59  Probe (Chrono Boost)  
  16  1:05  Xel'Naga Passageway  
  16  1:08  Xel'Naga Passageway  
  17  1:13  Probe (Chrono Boost)  
  18  1:27  Probe (Chrono Boost)  
  19  1:41  Probe (Chrono Boost)  
  20  1:55  Probe (Chrono Boost)  
  21  2:11  Core Forge  
  21  2:44  Xel'Naga Ambusher x2  
  25  3:05  Xel'Naga Shieldguard x2  
  27  3:23  Probe (Chrono Boost)  
  28  3:43  Constructs Facility  
  28  3:45  Constructs Facility  
  28  4:28  Ancient Nexus  
  28  4:53  Probe (Chrono Boost)  
  29  5:07  Probe (Chrono Boost)  
  30  5:21  Probe (Chrono Boost)  
  30  5:23  Constructs Bay  
  30  5:26  Void Shrine  
  31  5:35  Probe (Chrono Boost)  
  32  5:48  Probe (Chrono Boost)  
  33  6:02  Probe (Chrono Boost)  
  34  6:10  Probe (Chrono Boost)  
  34  6:16  Probe (Chrono Boost)  
  36  6:24  Probe (Chrono Boost)  
  37  6:30  Probe (Chrono Boost)  
  37  6:38  Probe (Chrono Boost)  
  39  6:44  Probe (Chrono Boost)  
  40  6:51  Probe (Chrono Boost)  
  40  6:58  Probe (Chrono Boost)  
  42  7:05  Probe (Chrono Boost)  
  43  7:12  Probe (Chrono Boost)  
  43  7:19  Probe (Chrono Boost)  
  45  7:49  Xel'Naga Enforcer x2  
  57  9:12  Xel'Naga Enforcer x2  
  61  9:37  Xel'Naga Watcher x2  
  61  10:50  Xel'Naga Enforcer x2  
  69  11:18  Serdath Legion  
  73  12:13  Unknown  
  69  14:07  Unknown x4  
  69  14:23  Serdath Legion  
  69  14:32  Xel'Naga Watcher  
  69  14:33  Xel'Naga Watcher  
  69  14:42  Xel'Naga Enforcer  
  69  14:43  Xel'Naga Enforcer  
  69  14:45  Ancient Nexus  
  77  14:52  Tesseract Cannon  
  73  15:57  Xel'Naga Enforcer  
  73  15:58  Xel'Naga Enforcer  
  81  17:06  Serdath Legion  
  103  17:12  Unknown  
  103  17:24  Unknown x4  
  103  17:34  Ancient Nexus  
  93  18:06  Unknown x2  
  93  18:08  Xel'Naga Enforcer x2  
  89  18:49  Xel'Naga Enforcer x2  
  97  19:31  Xel'Naga Shieldguard x2  
  97  19:32  Xel'Naga Watcher x2  
  99  19:44  Xel'Naga Watcher x2  
  99  19:49  Xel'Naga Shieldguard  
  99  19:56  Xel'Naga Watcher  
  99  19:57  Xel'Naga Watcher  
  100  20:25  Unknown  
  100  21:15  Unknown x4  
  100  22:09  Xel'Naga Watcher x2  
  100  22:21  Xel'Naga Watcher x2  
  100  22:33  Xel'Naga Watcher  
  100  22:34  Xel'Naga Watcher, Xel'Naga Shieldguard x2  
  99  22:45  Xel'Naga Watcher  
  99  22:46  Xel'Naga Watcher  
  99  22:58  Xel'Naga Watcher x2  
  99  23:09  Serdath Legion  
  99  23:10  Xel'Naga Watcher x2  
  99  23:22  Xel'Naga Watcher x2  
Show
View Real Time Build Order
Export as new Build Order

NamroodTuo Zerg 

Build Orders:  

Get SALT Encoding   

  12  0:15  Overlord  
  12  0:19  Infested SCV  
  13  0:29  Infested SCV  
  14  0:32  Infested SCV  
  15  0:49  Infested Barracks  
  15  0:55  Infested SCV  
  16  1:12  Infested SCV  
  16  1:14  Infested SCV  
  18  1:25  Overlord  
  18  1:37  Infested SCV  
  19  1:49  Infestation Level 1  
  19  1:54  Infested SCV  
  19  1:59  Infested Refinery  
  20  2:12  Infested Refinery  
  20  2:13  Infested SCV  
  21  2:31  Infested Barracks  
  21  2:36  Infested SCV  
  22  2:51  Infested Engineering Bay  
  22  3:03  Infested SCV  
  22  3:04  Infested SCV  
  24  3:24  Infested SCV  
  25  3:32  Overlord  
  25  3:45  Infested SCV  
  26  3:52  Anaerobic Enhancement  
  26  4:11  Overlord  
  26  4:18  Infested SCV  
  27  4:45  Infested SCV  
  28  4:54  Infestation Level 2  
  28  4:55  Infested Factory  
  28  5:00  Infested Barracks Tech Lab  
  28  5:17  Infested Command Center  
  28  5:21  Overlord  
  28  5:22  Infested SCV  
  28  5:26  Infested SCV  
  30  5:47  Unknown  
  30  6:03  Infested Marine  
  30  6:04  Infested Marine x14  
  30  6:05  Infested Marine x2  
  47  6:27  Infested Bunker  
  50  7:03  Infested SCV x2  
  50  7:04  Infested SCV x3  
  50  7:08  Regenerative Plating  
  55  7:28  Infested Armory  
  55  7:40  Infested SCV x3  
  55  7:46  Infested SCV x2  
  44  8:08  Stukov Infantry Weapons Level 1  
  44  8:23  Infested Marine  
  44  8:24  Infested Marine x13  
  44  8:25  Infested Marine x6  
  64  8:30  Infested SCV  
  64  8:31  Infested SCV x2  
  64  8:39  Overlord x4  
  67  8:45  Retinal Augmentation  
  67  9:14  Infested Marine x6  
  67  9:15  Infested Marine x14  
  87  9:37  Infested Bunker  
  95  10:05  Infested Bunker  
  95  10:08  Infested SCV x4  
  95  10:09  Infested SCV  
  80  10:13  Infested SCV x3  
  80  10:14  Overlord  
  80  10:15  Overlord  
  80  10:17  Aggressive Incubation  
  82  10:48  Stukov Infantry Armor Level 1  
  67  11:01  Infested Bunker  
  67  11:16  Infested Bunker  
  75  11:24  Infested Bunker  
  75  11:56  Infested Bunker  
  79  12:06  Infested Bunker  
  83  12:17  Infested Bunker  
  87  12:46  Infested Marine  
  87  12:47  Infested Marine x9  
  87  12:48  Infested Marine x10  
  107  13:16  Infested Bunker  
  111  13:26  Overlord x5  
  111  13:28  Calcified Armor, Infested Bunker  
  114  14:03  Infested SCV  
  114  14:04  Infested SCV  
  114  14:05  Infested SCV  
  115  14:16  Infested Bunker  
  110  14:39  Infested Bunker  
  110  14:40  Infested Bunker  
  114  14:50  Infested Bunker  
  114  14:59  Infested Marine x6  
  120  15:00  Infested Marine x14  
  134  15:16  Infested Bunker  
  138  15:24  Infested Marine  
  138  15:25  Infested Marine x9  
  152  16:09  Overlord x2  
  156  16:20  Infested Bunker  
  156  16:25  Infested Bunker  
  150  16:41  Stukov Infantry Armor Level 2  
  150  16:47  Infestation Level 3  
  136  17:05  Infested Bunker  
  130  17:18  Infested Bunker  
  134  18:00  Infested Barracks  
  134  18:06  Infested Barracks  
  134  19:09  Infested Bunker  
  142  19:24  Infested Bunker  
  150  19:32  Infested Bunker  
  150  19:39  Overlord x2  
  154  19:40  Overlord x5  
  154  19:41  Infested Bunker  
  154  19:44  Infested Bunker  
  149  19:51  Stukov Infantry Weapons Level 2  
  149  20:01  Infested Marine  
  149  20:02  Infested Marine x10  
  149  20:03  Infested Marine x3  
  163  20:49  Infested Marine  
  164  20:50  Infested Marine x9  
  164  20:51  Infested Marine x23  
  194  21:36  Infested Bunker  
  186  22:04  Infested Marine x6  
  186  22:05  Infested Marine x8  
  167  23:12  Infested Marine  
  167  23:13  Infested Marine x16  
  167  23:14  Infested Marine x16  
Tags
 
Commander
StukovZeratul
Matchup
Co-op
Replay Pack
Multiplayer
Add a new tag
Caveats
  • Supply blocks, unpowered buildings, or Contaminate may cause inaccurate times.
  • Supply counts are checked every 10 seconds.